 Dungeon Crawl Stone Soup version 0.17-a0-1446-gc28613e (console) character file.

67 Monkaria the Chopper (level 4, -1/40 HPs)
             Began as a Hill Orc Chaos Knight on June 28, 2015.
             Slain by a gnoll
             ... wielding a +0 halberd
              (3 damage)
             ... on level 3 of the Dungeon.
             The game lasted 00:02:01 (1410 turns).

Monkaria the Chopper (Hill Orc Chaos Knight)        Turns: 1410, Time: 00:02:01

Health: -1/40      AC:  5    Str: 15    XL:     4   Next: 18%
Magic:  4/4        EV: 11    Int: 12    God:    Xom [..*...]
Gold:   134        SH:  0    Dex: 10    Spells: 0 memorised, 3 levels left

rFire  . . .     SeeInvis .     a - +0 hand axe (chaos)
rCold  . . .     Clarity  .     b - +2 leather armour
rNeg   . . .     SustAt   .     (no shield)
rPois  .         Gourm    .     (no helmet)
rElec  .         Spirit   .     (no cloak)
rCorr  .         Warding  .     (no gloves)
rMut   .         Stasis   .     (no boots)
MR     .....                    (no amulet)
Stlth  +.........               (no ring)
                                (no ring)

@: not resistant to hostile enchantments, very unstealthy
A: no striking features
a: Renounce Religion


You were on level 3 of the Dungeon.
You worshipped Xom.
You were a toy of Xom.
You were not hungry.

You visited 1 branch of the dungeon, and saw 3 of its levels.

You collected 134 gold pieces.

Inventory:

Hand weapons
 a - a +0 hand axe of chaos (weapon)
Missiles
 g - 19 poisoned needles
Armour
 b - a +2 leather armour (worn)
Scrolls
 e - 4 scrolls of random uselessness {unknown}
 f - 3 scrolls of identify {unknown}
 h - a scroll of enchant armour {unknown}
 j - a scroll of remove curse {unknown}
 k - a scroll of noise {unknown}
 l - 2 scrolls of magic mapping {unknown}
 p - a scroll of blinking {unknown}
 q - a scroll of teleportation {unknown}
Potions
 i - a potion of brilliance {unknown}
 m - a potion of haste {unknown}
 n - 2 potions of curing {unknown}
Comestibles
 c - a bread ration
 d - a beef jerky
 o - a meat ration


   Skills:
 - Level 4.2 Fighting
 + Level 6.0 Axes
 - Level 2.1 Armour
 - Level 0.7 Dodging


You had 3 spell levels left.
You didn't know any spells.

Dungeon Overview and Level Annotations

Branches:
Dungeon (3/15)

Altars:
Dithmenos


Message History

The gnoll shouts! x2
The gnoll hits you with a spear.
Found an escape hatch in the ceiling.
A giant newt comes into view.
You hit the gnoll but do no damage.
The giant newt moves out of view.
The gnoll barely misses you. x2
You closely miss the gnoll. The gnoll barely misses you.
The gnoll hits you from afar with a spear.
You barely miss the gnoll.
The gnoll hits you from afar with a halberd!
The gnoll hits you but does no damage.
You hit the gnoll.
You feel better.
The gnoll is moderately wounded.
The gnoll hits you from afar with a spear!
* * * LOW HITPOINT WARNING * * *
The gnoll hits you with a spear.
* * * LOW HITPOINT WARNING * * *
The gnoll hits you from afar with a halberd.
You die...
Xom is highly amused!

...#...........####
####...........#
#...........#
#...........#
###...........#
#####..(.^.......##
#...........#####...
#.g....##.# .##
...#g@..#### #
.....g......#
.....#.....## ....
#....## ... #....#
.< #....# . #....#
######


You could see 3 gnolls.

Vanquished Creatures
  An adder (D:2)
  An ooze (D:2)
  A worm (D:2)
  A giant gecko (D:1)
  A giant cockroach (D:2)
  7 hobgoblins
  3 jackals
  9 kobolds
  A quokka (D:3)
  5 bats
  4 giant newts
  9 goblins
  6 rats
49 creatures vanquished.

Notes
Turn   | Place    | Note
--------------------------------------------------------------
     0 | D:1      | Monkaria the Hill Orc Chaos Knight began the quest for the Orb.
     0 | D:1      | Reached XP level 1. HP: 19/19 MP: 1/1
    47 | D:1      | XOM: harmless Fire miscast
    90 | D:1      | Reached XP level 2. HP: 22/27 MP: 2/2
   109 | D:1      | XOM: smoke on damage
   423 | D:1      | XOM: silly message
   781 | D:2      | Found a shadowy altar of Dithmenos.
   786 | D:2      | XOM: enchant monster (good)
   787 | D:2      | Reached XP level 3. HP: 33/33 MP: 3/3
   832 | D:2      | Reached skill level 5 in Axes
   876 | D:2      | XOM: colour smoke trail
   997 | D:2      | XOM: divination: magic mapping
  1175 | D:2      | Reached XP level 4. HP: 32/40 MP: 4/4
  1359 | D:3      | Reached skill level 6 in Axes
  1410 | D:3      | HP: 2/40 [gnoll/spear (5)]
  1410 | D:3      | Slain by a gnoll

Vault maps used:
D:1:      eino_arrival_cavern_b, glass_columns_c, minmay_unequal
D:2:      nicolae_overflow_hidden_temple, grunt_dithmenos_smoke,
          minmay_misc_feat_iff
D:3:      gammafunk_temple_overflow_elements

Action                   |  1- 3 |  4- 6 || total
-------------------------+-------+-------++-------
Melee: Hand axe          |   121 |    19 ||   140
 Stab: Paralysed         |     1 |       ||     1
       Confused          |     1 |       ||     1
  Eat: Chunk             |       |     2 ||     2
